 Dungeon Crawl Stone Soup version 0.31.0-11-ge490571c62 (webtiles) character file.

Game seed: 4398195222403394939

107 boopmooplesden the Twirler (level 4, 0/38 HPs)
             Began as a Minotaur Gladiator on Jan 28, 2024.
             Incinerated by a bombardier beetle (3 damage)
             ... with a burning spray
             ... on level 3 of the Dungeon.
             The game lasted 00:01:59 (1356 turns).

boopmooplesden the Twirler (Minotaur Gladiator)     Turns: 1356, Time: 00:01:59

Health: 0/38       AC:  5    Str: 19    XL:     4   Next: 57%
Magic:  3/3        EV: 12    Int:  9    God:
Gold:   154        SH:  0    Dex: 11    Spells: 3/3 levels left

rFire   . . .        a - +0 quarterstaff
rCold   + . .        (shield currently unavailable)
rNeg    . . .        b - +0 leather armour
rPois   +            c - +0 hat
rElec   .            o - scarf {repulsion}
rCorr   .            (no gloves)
SInv    .            (no boots)
Will    .....        (no amulet)
Stlth   +            (no ring)
HPRegen 0.26/turn    (no ring)
MPRegen 0.08/turn

%: repel missiles
@: on fire, attractive, glowing
A: horns 2, retaliatory headbutt, iridescent scales 1, clever 1, cold resistance
1, poison resistance
a: no special abilities


You were on level 3 of the Dungeon.
You visited 1 branch of the dungeon, and saw 3 of its levels.

You collected 154 gold pieces.

Inventory:

Hand Weapons
 a - a +0 quarterstaff (weapon)
Missiles
 d - 2 throwing nets (quivered)
 e - a javelin
Armour
 b - a +0 leather armour (worn)
 c - a +0 hat (worn)
 o - a scarf of repulsion (worn)
Wands
 q - a wand of polymorph (5)
Scrolls
 f - 2 scrolls of blinking {unknown}
 g - a scroll of noise {unknown}
 k - 2 scrolls of teleportation {unknown}
 m - a scroll of poison {unknown}
 p - a scroll of acquirement {unknown}
 r - a scroll of identify {unknown}
 s - a scroll of fear {unknown}
Potions
 j - a potion of brilliance {unknown}
 l - a potion of enlightenment {unknown}
 n - a potion of might {unknown}


   Skills:
 + Level 3.0 Fighting
 + Level 5.0 Staves
 + Level 2.1 Throwing
 + Level 2.2 Armour
 + Level 3.8 Dodging
 + Level 0.2 Stealth


You had 3 spell levels left.
You didn't know any spells.
Your spell library contained the following spells:

 Spells                   Type           Power      Damage    Failure   Level
 Apportation              Tloc           0%         N/A       43%         1
 Sandblast                Erth           0%         2d4       43%         1
 Jinxbite                 Hex            0%         N/A       58%         2
 Alistair's Intoxication  Alch           0%         N/A       100%        5


Dungeon Overview and Level Annotations

Branches:
Dungeon (3/15)

Altars:


Innate Abilities, Weirdness & Mutations

You have a pair of horns on your head.
You reflexively headbutt those who attack you in melee.
You are partially covered in iridescent scales. (AC +2)
Your mind is acute. (Int +4, Str/Dex -1)
Your flesh is cold resistant. (rC+)
Your system is resistant to poisons. (rPois)


Message History

The bombardier beetle is caught in the net!
The liquid fire burns you!
The quokka twitches its whiskers.
The quokka barely misses you.
You barely miss the bombardier beetle. The liquid fire burns you!
The quokka barely misses you.
The bombardier beetle struggles against the net.
The quokka bites you but does no damage.
You hit the bombardier beetle. You headbutt the bombardier beetle!
The bombardier beetle is severely wounded.
The liquid fire burns you! The quokka bites you.
The bombardier beetle sprays incendiary fluid at you.
The burning spray is repelled.
The bombardier beetle struggles against the net.
You hit the bombardier beetle.
The bombardier beetle is almost dead.
The liquid fire burns you!
* * * LOW HITPOINT WARNING * * *
The quokka bites you.
* * * LOW HITPOINT WARNING * * *
You hit the bombardier beetle.
You kill the bombardier beetle!
The liquid fire burns you!
* * * LOW HITPOINT WARNING * * *
The quokka bites you but does no damage.
The quokka twitches its whiskers.
The quokka barely misses you.
Your Staves skill increases to level 5!
It was a potion of mutation.
You feel extremely strange.
Iridescent scales grow over part of your body.
You feel resistant to poisons.
You feel clever.
You feel resistant to cold. The liquid fire burns you!
* * * LOW HITPOINT WARNING * * *
The quokka misses you.
It was a potion of attraction.
You feel attractive to monsters. The liquid fire burns you!
You die...

#........# +........#
# #.......## ..
#.......<#
#.##############'##
#.........# #....#
#.........####....####
#....................#
#.....@..............#
##....r..........|...#
#...................#
#........####.......#
#........# #.......#
#......### #.......#
#...)..# #.......#
#..$.... #########


You could see a quokka.

Vanquished Creatures
  A bombardier beetle (D:3)
  2 adders (D:2)
  2 ribbon worms (D:2)
  2 ball pythons (D:1)
  11 endoplasms
  3 giant cockroaches
  4 goblins
  3 hobgoblins (D:1)
  3 quokkas
  6 bats
  3 frilled lizards
  3 kobolds (D:1)
43 creatures vanquished.

Notes
Turn   | Place    | Note
-------+----------+-------------------------------------------
     0 | D:1      | boopmooplesden the Minotaur Gladiator began the quest for
                  | the Orb.
     0 | D:1      | Reached XP level 1. HP: 18/18 MP: 0/0
    45 | D:1      | Reached skill level 4 in Staves
    49 | D:1      | Reached XP level 2. HP: 14/25 MP: 1/1
   273 | D:1      | Reached skill level 1 in Armour
   389 | D:1      | Reached XP level 3. HP: 30/30 MP: 2/2
   973 | D:2      | Found a faded altar of an unknown god.
   977 | D:2      | Got Plato's Compilation of Earth
  1090 | D:2      | Reached XP level 4. HP: 29/38 MP: 3/3
  1355 | D:3      | Reached skill level 5 in Staves
  1355 | D:3      | Gained mutation: You are partially covered in iridescent
                  | scales. (AC +2) [potion of mutation]
  1355 | D:3      | Gained mutation: Your system is resistant to poisons.
                  | (rPois) [potion of mutation]
  1355 | D:3      | Gained mutation: Your mind is acute. (Int +4, Str/Dex -1)
                  | [potion of mutation]
  1355 | D:3      | Gained mutation: Your flesh is cold resistant. (rC+)
                  | [potion of mutation]
  1356 | D:3      | Incinerated by a bombardier beetle

Illustrated notes

Levels and vault maps discovered:
D:1:      eino_arrival_druids_welcome, layout_rooms, minmay_misc_feat_encased
D:2:      layout_rooms, shapermc_ecumenical_altar_rom_forum,
          kennysheep_generic_room_14
D:3:      layout_basic, serial_shops, nicolae_shop_peninsula,
          nicolae_shop_temple_entry_statues_fountains, chequers_jeans,
          uniq_terence

Skill      XL: |  1  2  3  4 |
---------------+-------------+-----
Staves         | 4 5 |  5.0
Armour         | 1 2 |  2.2
Fighting       | 3 |  3.0
Throwing       | |  2.1
Dodging        | |  3.8
Stealth        | |  0.2

Action                     |  1- 3 |  4- 6 || total
---------------------------+-------+-------++-------
  Melee: Quarterstaff      |    64 |    11 ||    75
         Headbutt          |    11 |     1 ||    12
  Throw: Throwing net      |       |     1 ||     1
    Use: Potion            |       |     2 ||     2
   Stab: Sleeping          |       |     1 ||     1
 Armour: Leather armour    |    34 |    10 ||    44
  Dodge: Dodged            |    42 |    10 ||    52
         Repelled          |       |     1 ||     1
